 Dungeon Crawl Stone Soup version 0.28.0 (webtiles) character file.

Game seed: 16429427570970234294

4965 voltaire321 the Blocker (level 10, -3/90 HPs)
             Began as a Minotaur Fighter on Feb 4, 2022.
             Killed by divine providence
             ... invoked by a meliai
              (16 damage)
             ... on level 8 of the Dungeon.
             The game lasted 00:18:07 (7717 turns).

voltaire321 the Blocker (Minotaur Fighter)          Turns: 7717, Time: 00:18:08

Health: -3/90      AC: 13    Str: 25    XL:     10   Next: 28%
Magic:  9/9        EV: 13    Int:  5    God:
Gold:   341        SH:  5    Dex: 10    Spells: 9/9 levels left

rFire   . . .      SeeInvis .   a - +0 war axe (venom)
rCold   . . .      Faith    .   c - +0 buckler
rNeg    . . .      Spirit   .   y - +1 acid dragon scales
rPois   +          Reflect  .   (helmet restricted)
rElec   .          Harm     .   x - +0 cloak
rCorr   +          Rampage  .   p - +0 pair of gloves
Will    .....                   f - +0 pair of boots
Stlth   +.........              o - amulet of the acrobat
HPRegen 0.25/turn               e - ring of poison resistance
MPRegen 0.11/turn               (no ring)

@: no status effects
A: horns 2, retaliatory headbutt
a: no special abilities


You were on level 8 of the Dungeon.
You visited 2 branches of the dungeon, and saw 9 of its levels.

You collected 341 gold pieces.

Inventory:

Hand Weapons
 a - a +0 war axe of venom (weapon)
 k - the +6 dagger of Jajiomp {speed, rC+}
   (You found it on level 3 of the Dungeon)

   Attacks with this weapon are significantly faster.
   rC:        It protects you from cold.
 E - a +5 battleaxe
Missiles
 i - 16 poisoned darts (quivered)
 l - a curare-tipped dart
 m - 3 silver boomerangs
 q - 13 javelins
 s - 2 throwing nets
Armour
 c - a +0 buckler (worn)
 f - a +0 pair of boots (worn)
 p - a +0 pair of gloves (worn)
 x - a +0 cloak (worn)
 y - +1 acid dragon scales (worn)
Jewellery
 e - a ring of poison resistance (left hand)
 o - an amulet of the acrobat (around neck)
 B - an amulet of guardian spirit
Wands
 n - a wand of flame (25)
Scrolls
 b - a scroll of blinking
 g - 2 scrolls of magic mapping
 h - 8 scrolls of identify
 u - 2 scrolls of silence
 C - a scroll of fog
 D - a scroll of enchant weapon {unknown}
Potions
 d - a potion of might
 j - 2 potions of berserk rage
 r - a potion of heal wounds {unknown}
 t - 2 potions of mutation
 v - 3 potions of curing
 w - a potion of lignification {unknown}
 z - a potion of flight {unknown}
 A - 2 potions of magic {unknown}


   Skills:
 + Level 8.4 Fighting
 + Level 7.8 Axes
 + Level 5.9 Throwing
 + Level 8.3 Armour
 + Level 6.6 Dodging
 + Level 8.5 Shields


You had 9 spell levels left.
You didn't know any spells.
Your spell library contained the following spells:

 Spells                   Type           Power      Damage    Failure   Level
 Magic Dart               Conj           0%         1d3       61%         1
 Sandblast                Erth           0%         2d4       61%         1
 Passwall                 Tmut/Erth      0%         N/A       75%         2
 Searing Ray              Conj           0%         2d4       75%         2
 Sublimation of Blood     Necr           0%         N/A       75%         2
 Wereblood                Tmut           0%         N/A       75%         2
 Stone Arrow              Conj/Erth      0%         3d7       93%         3
 Animate Armour           Summ/Erth      0%         N/A       100%        4
 Fulminant Prism          Conj/Hex       0%         3d6       100%        4
 Blade Hands              Tmut           0%         N/A       100%        5
 Iron Shot                Conj/Erth      0%         9d1       100%        6
 Summon Hydra             Summ           0%         N/A       100%        7


Dungeon Overview and Level Annotations

Branches:
Dungeon (8/15)             Temple (1/1) D:5
   Lair: D:8-11

Altars:
Ashenzari
Cheibriados
Dithmenos
Elyvilon
Fedhas
Gozag
Hepliaklqana
Kikubaaqudgha
Makhleb
Nemelex Xobeh
Okawaru
Qazlal
Ru
Sif Muna
Trog
Uskayaw
Vehumet
Wu Jian
Xom
Yredelemnul
Zin
The Shining One

Shops:
D:1 **(   D:3 =


Innate Abilities, Weirdness & Mutations

You have a pair of horns on your head.
You reflexively headbutt those who attack you in melee.


Message History

The two-headed ogre hits you with a +0 giant club!
You barely miss the two-headed ogre.
You headbutt the two-headed ogre, but do no damage.
The two-headed ogre is lightly wounded.
The two-headed ogre hits you with a +0 giant spiked club.
The two-headed ogre hits you but does no damage.
You hit the two-headed ogre. You headbutt the two-headed ogre!
The two-headed ogre is heavily wounded.
The two-headed ogre closely misses you. You furiously retaliate!
You headbutt the two-headed ogre.
The two-headed ogre hits you with a +0 giant club!!
You hear a shout!
You slash the two-headed ogre!
The two-headed ogre looks as sick as possible!
The two-headed ogre is severely wounded.
The two-headed ogre hits you with a +0 giant spiked club!!
* * * LOW HITPOINT WARNING * * *
The two-headed ogre misses you.
You hear an angry buzzing noise.
You hit the two-headed ogre but do no damage.
The two-headed ogre looks as sick as possible!
The two-headed ogre is almost dead.
You slash the two-headed ogre!
You kill the two-headed ogre!
You hear a shout!
The meliai misses you. You furiously retaliate!
You headbutt the meliai! The meliai completely misses you.
You block the meliai's attack. The meliai stings you.
* * * LOW HITPOINT WARNING * * *
Okay, then.
You hit the meliai but do no damage.
The meliai is poisoned.
You headbutt the meliai, but do no damage.
The meliai is heavily wounded.
The meliai invokes the aid of its god against you.
Something smites you!
* * * LOW HITPOINT WARNING * * *
The meliai barely misses you. You block the meliai's attack.
The meliai mumbles some strange prayers to its god against you.
Something smites you!
You die...

#.### #. .
#.##.#### . .##
##.#.#..## . W.#
#.##.##.# .. #c#
##..#.#.## #l#
####.##.# #)###
###.# #####y.##
###.## ##...@...#
##.[## #.#########
##.###
##........###.)..#
##########.#..##.#
#.........#..###.#
.###########.###.#
#.....# #######


You could see a meliai (very poisoned).

Vanquished Creatures
  A two-headed ogre (D:8)
  Maggie (D:7)
  A hornet (D:7)
  6 yaks (D:8)
  2 steam dragons
  Duvessa (D:4)
  2 water moccasins
  A hornet zombie (D:6)
  A black bear (D:7)
  An orc warrior (D:8)
  3 ice beasts (D:5)
  A necrophage (D:7)
  2 ogres
  4 centaurs
  2 kobold brigands
  A scorpion (D:4)
  A water moccasin zombie (D:5)
  A water moccasin skeleton (D:5)
  Dowan (D:4)
  8 wights
  An electric eel (D:8)
  2 centaur zombies
  A jelly (D:6)
  4 orc priests
  A gnoll shaman (D:8)
  4 hounds (D:5)
  A centaur skeleton (D:7)
  4 orc wizards
  An iguana (D:6)
  A killer bee zombie (D:8)
  2 hound skeletons
  5 adders
  2 white imps
  3 ufetubi
  2 worms
  12 orcs
  8 ball pythons
  3 endoplasms
  4 giant cockroaches
  5 goblins
  9 hobgoblins
  7 jackals
  2 quokkas
  2 bats
  5 frilled lizards
  10 kobolds
  6 rats
148 creatures vanquished.

Vanquished Creatures (others)
  2 fungi (D:1)
  26 plants
28 creatures vanquished.

Grand Total: 176 creatures vanquished

Notes
Turn   | Place    | Note
-------+----------+-------------------------------------------
     0 | D:1      | voltaire321 the Minotaur Fighter began the quest for the
                  | Orb.
     0 | D:1      | Reached XP level 1. HP: 19/19 MP: 0/0
    66 | D:1      | Found Neplawae's General Store.
   103 | D:1      | Reached XP level 2. HP: 22/27 MP: 1/1
   158 | D:1      | Found Tepo's Armour Shop.
   168 | D:1      | Found Xaplas's Weapon Shop.
   408 | D:1      | Found Reaffo's Assorted Antiques.
   567 | D:1      | Found a faded altar of an unknown god.
   957 | D:2      | Reached XP level 3. HP: 33/33 MP: 2/2
  1608 | D:2      | Reached skill level 1 in Dodging
  1857 | D:3      | Identified the +6 dagger of Jajiomp {speed, rC+}
  1966 | D:3      | Reached XP level 4. HP: 40/40 MP: 3/3
  2315 | D:3      | HP: 2/40 [orc (5)]
  2316 | D:3      | Reached skill level 1 in Throwing
  2320 | D:3      | HP: 2/41 [orc/silver boomerang (1)]
  2668 | D:3      | Found a sparkling altar of Nemelex Xobeh.
  2740 | D:3      | Found Ogeraoll's Jewellery Shoppe.
  2794 | D:3      | You fall into a shaft and drop 3 floors!
  2814 | D:6      | Noticed a centaur
  2829 | D:5      | Entered Level 5 of the Dungeon
  2829 | D:5      | Noticed an ice beast
  3337 | D:4      | Noticed a scorpion
  3343 | D:4      | Killed a scorpion
  3344 | D:4      | Reached XP level 5. HP: 29/47 MP: 4/4
  3588 | D:4      | Found an ornate altar of the Wu Jian Council.
  3636 | D:4      | Noticed Dowan
  3637 | D:4      | Noticed Duvessa
  3652 | D:4      | Killed Duvessa
  3653 | D:4      | Reached XP level 6. HP: 25/53 MP: 5/5
  3657 | D:4      | Killed Dowan
  3986 | D:4      | Reached skill level 5 in Armour
  3986 | D:4      | Reached skill level 5 in Shields
  3988 | D:4      | Reached skill level 5 in Fighting
  4380 | D:5      | Killed an ice beast
  4381 | D:5      | Reached XP level 7. HP: 61/61 MP: 6/6
  4489 | D:5      | Found a staircase to the Ecumenical Temple.
  4505 | Temple   | Entered the Ecumenical Temple
  4852 | D:5      | Reached skill level 5 in Axes
  4969 | D:5      | Reached XP level 8. HP: 70/70 MP: 7/7
  5128 | D:5      | Found a hide-covered altar of Uskayaw.
  5128 | D:5      | Found a shadowy altar of Dithmenos.
  5185 | D:5      | Found a hazy altar of Hepliaklqana.
  6130 | D:6      | Found a bloodstained altar of Trog.
  6130 | D:6      | Found an iron altar of Okawaru.
  6226 | D:7      | Noticed Maggie
  6236 | D:7      | Killed Maggie
  6252 | D:7      | Reached XP level 9. HP: 71/78 MP: 8/8
  6254 | D:7      | Identified the +0 falchion "Loag" {venom, +Blink Str+4}
  6273 | D:7      | Reached skill level 5 in Dodging
  6834 | D:7      | Reached skill level 5 in Throwing
  6964 | D:7      | Found a sacrificial altar of Ru.
  7360 | D:8      | Reached XP level 10. HP: 67/88 MP: 9/9
  7707 | D:8      | Noticed a two-headed ogre
  7715 | D:8      | Killed a two-headed ogre
  7717 | D:8      | Killed from afar by a meliai

Illustrated notes

Levels and vault maps discovered:
D:1:      lemuel_arrival_broad_hall, layout_loops_ring,
          shapermc_ecumenical_altar_mp_urbaneastern, serial_shops,
          nicolae_diamond_shop, nicolae_shop_overgrown_old_shop,
          nicolae_shop_crystal, nicolae_shop_crystal
D:2:      kennysheep_big_flooded_room, layout_basic
D:3:      layout_basic, nemelex_dance_club_becter, serial_shops,
          nicolae_square_shop
D:4:      nicolae_cairo_tiling_large, layout_cave_pools,
          nicolae_wu_jian_wuxing_cycle, uniq_duvessa
D:5:      layout_loops_ring, lemuel_coloured_pillars_altar,
          gammafunk_temple_overflow_elements, minmay_temple_entry_glass
D:6:      layout_basic, grunt_temple_overflow_bloody_war, eino_tiny_chamber
D:7:      layout_gridville, nicolae_ru_great_annihilating_truth, uniq_maggie
D:8:      minmay_the_grid_octo_tiled_squarecenter
          [minmay_the_grid_octo_checkered, minmay_the_grid_octo_toaster,
          minmay_the_grid_octo_fan_narrow, minmay_the_grid_octo_focus,
          minmay_the_grid_square_5x5_megaprize_checkered,
          minmay_the_grid_square_5x5_bite, minmay_the_grid_square_5x5_bracketed,
          minmay_the_grid_square_5x5_percent, minmay_the_grid_square_5x5_two],
          layout_basic, serial_bayou, serial_bayou_pond_d,
          serial_bayou_lagoon_a, serial_bayou_pond_a, serial_bayou_pond_a,
          serial_shops, shop_fountains, uniq_psyche, uniq_pikel
Temple:   zaba_magenta_temple

Skill      XL: |  1  2  3  4  5  6  7  8  9 |
---------------+----------------------------+-----
Shields        | 4 5 7 8 |  8.5
Armour         | 4 5 6 8 |  8.3
Fighting       | 4 5 6 8 |  8.4
Axes           | 3 4 5 6 7 |  7.8
Dodging        | 1 2 3 4 6 |  6.6
Throwing       | 1 2 3 4 5 |  5.9

Action                   |  1- 3 |  4- 6 |  7- 9 | 10-12 || total
-------------------------+-------+-------+-------+-------++-------
Melee: War axe           |   110 |    96 |   175 |    48 ||   429
       Headbutt          |    10 |    14 |    26 |    12 ||    62
Throw: Dart              |       |     6 |       |       ||     6
Evoke: Wand              |       |       |       |     1 ||     1
  Use: Scroll            |       |     5 |    10 |       ||    15
Armor: Chain mail        |    73 |    62 |    67 |       ||   202
       Scale mail        |     3 |       |       |       ||     3
       Acid dragon scale |       |       |    35 |    18 ||    53
Dodge: Dodged            |    42 |    46 |   113 |    40 ||   241
Block: Buckler           |    32 |    25 |    54 |    12 ||   123
